Map: Frost LE

Players

EnVyUsPolt (Polt)

  • Race: Terran Terran
  • League: Master

ShoWTimE - Winner!

  • Race: Protoss Protoss
  • League: Master

Event: DreamHack ZOWIE Open Valencia 2016

VOD

Have the link to the VOD?

Description

Time

  • Played on: July 14, 2016, 12:26 p.m.
  • Length: 7:56

All games in this series

Show
View Real Time Build Order
Export as new Build Order

EnVyUsPolt Terran 

Build Orders: Command Center First (CC), MMM Bio 

Get SALT Encoding   

  12  0:00  SCV  
  13  0:13  SCV  
  14  0:17  Supply Depot  
  14  0:26  SCV  
  15  0:38  SCV  
  16  0:51  SCV  
  17  0:59  Command Center  
  17  1:03  SCV  
  18  1:13  Barracks  
  18  1:16  SCV  
  19  1:28  SCV  
  19  1:30  Barracks  
  20  1:40  SCV  
  20  1:43  Barracks  
  21  1:52  SCV  
  22  2:00  Marine  
  23  2:04  Orbital Command  
  23  2:11  Orbital Command  
  23  2:16  Marine  
  23  2:18  Marine  
  25  2:24  Refinery  
  25  2:25  Refinery  
  25  2:32  SCV  
  25  2:34  Marine  
  25  2:35  Marine  
  25  2:36  Marine  
  29  2:39  SCV  
  29  2:44  SCV  
  31  2:51  SCV  
  32  2:53  Marine  
  32  2:54  Supply Depot  
  32  2:55  Marine, Barracks Tech Lab  
  32  2:56  SCV  
  35  3:04  SCV  
  36  3:08  SCV  
  37  3:14  Marine  
  37  3:15  Stimpack, Marine x2  
  37  3:16  SCV  
  37  3:19  Supply Depot  
  41  3:20  SCV  
  42  3:28  Engineering Bay  
  42  3:29  SCV  
  42  3:32  SCV, Barracks Reactor  
  42  3:34  Marauder  
  46  3:38  Barracks Tech Lab  
  46  3:40  Supply Depot  
  46  3:42  SCV  
  46  3:44  SCV  
  48  3:54  Supply Depot, SCV  
  49  3:56  SCV, Missile Turret  
  49  3:57  Marauder  
  49  3:59  Marine  
  49  4:02  Combat Shields  
  53  4:07  SCV  
  53  4:08  SCV  
  55  4:15  Supply Depot  
  55  4:17  Marine x3  
  55  4:18  Marine  
  55  4:21  SCV  
  55  4:22  SCV  
  60  4:25  Refinery  
  60  4:28  Factory  
  60  4:34  SCV x2  
  62  4:44  Marine x3, Marauder  
  67  4:46  SCV x2  
  67  4:51  Refinery  
  67  4:52  Supply Depot  
  69  4:55  Missile Turret  
  69  4:57  Terran Infantry Weapons Level 1  
  69  4:59  SCV x2  
  71  5:03  Supply Depot  
  73  5:07  Marauder  
  73  5:11  Marine x3  
  67  5:21  Starport  
  69  5:22  Factory Reactor  
  67  5:32  Marine x2  
  67  5:33  Marauder x2  
  73  5:44  Concussive Shells  
  73  5:49  Barracks x2  
  69  5:59  Marine x3, Marauder  
  74  6:12  Medivac x2  
  74  6:17  Marine x2  
  74  6:18  Widow Mine, Marauder  
  82  6:21  Marauder  
  82  6:23  Supply Depot x2  
  86  6:32  Supply Depot  
  86  6:39  Marauder, Barracks Reactor, Barracks Tech Lab  
  88  6:40  Marine x2  
  88  6:42  Marauder, Medivac x2  
  89  6:47  SCV  
  89  6:48  SCV  
  81  6:57  Marine x2  
  81  7:00  Marauder  
  84  7:03  Marauder  
  86  7:19  Marine x4, Marauder  
  86  7:22  Marauder  
  90  7:25  Marauder  
  90  7:29  SCV  
  75  7:30  SCV  
  67  7:37  Marine x4  
Show
View Real Time Build Order
Export as new Build Order

ShoWTimE Protoss - Winner!

Build Orders: 1 Gate Expand 

Get SALT Encoding   

  12  0:00  Probe (Chrono Boost)  
  13  0:11  Probe (Chrono Boost)  
  14  0:17  Pylon  
  14  0:22  Probe (Chrono Boost)  
  16  0:35  Probe (Chrono Boost)  
  16  0:36  Gateway  
  16  0:42  Assimilator  
  16  0:46  Probe (Chrono Boost)  
  17  0:56  Probe (Chrono Boost)  
  18  1:07  Probe (Chrono Boost)  
  19  1:20  Nexus  
  19  1:30  Cybernetics Core  
  19  1:33  Probe (Chrono Boost)  
  20  1:40  Assimilator  
  20  1:43  Probe (Chrono Boost)  
  21  1:50  Pylon  
  22  1:54  Probe (Chrono Boost)  
  22  2:08  Adept  
  26  2:09  Mothership Core (Chrono Boost)  
  26  2:15  Warp Gate  
  26  2:27  Probe (Chrono Boost)  
  27  2:33  Probe (Chrono Boost)  
  27  2:36  Robotics Facility  
  28  2:37  Probe (Chrono Boost)  
  28  2:43  Probe (Chrono Boost)  
  30  2:48  Adept, Probe (Chrono Boost)  
  33  2:54  Probe (Chrono Boost)  
  35  2:58  Probe (Chrono Boost)  
  35  3:04  Probe (Chrono Boost)  
  35  3:05  Pylon  
  36  3:09  Probe (Chrono Boost)  
  37  3:15  Probe (Chrono Boost)  
  39  3:20  Probe (Chrono Boost)  
  39  3:25  Probe (Chrono Boost)  
  39  3:26  Robotics Bay  
  40  3:28  Observer, Assimilator  
  40  3:32  Probe (Chrono Boost)  
  40  3:33  Assimilator  
  42  3:36  Probe (Chrono Boost)  
  43  3:42  Pylon  
  43  3:44  Probe (Chrono Boost)  
  43  3:45  Warp Prism  
  43  3:47  Probe (Chrono Boost)  
  48  3:56  Probe (Chrono Boost)  
  48  3:57  Probe (Chrono Boost)  
  49  4:08  Probe x2 (Chrono Boost)  
  51  4:10  Gravitic Drive  
  51  4:11  Gateway  
  51  4:12  Gateway  
  51  4:19  Disruptor  
  51  4:20  Probe x2 (Chrono Boost)  
  56  4:29  Pylon  
  56  4:37  Pylon  
  56  4:38  Twilight Council  
  56  4:41  Adept  
  57  4:50  Disruptor  
  60  5:01  Gateway  
  60  5:03  Gateway  
  60  5:07  Blink, Gateway  
  60  5:18  Stalker  
  60  5:19  Stalker x2  
  66  5:21  Disruptor  
  66  5:23  Pylon  
  69  5:36  Pylon  
  69  5:44  Stalker  
  69  5:45  Stalker x2  
  75  5:58  Nexus  
  75  5:59  Pylon  
  75  6:01  Disruptor  
  75  6:11  Probe (Chrono Boost)  
  79  6:17  Stalker  
  79  6:18  Stalker x2  
  83  6:22  Stalker  
  85  6:26  Stalker  
  85  6:29  Stalker  
  89  6:36  Pylon  
  89  6:39  Probe x2 (Chrono Boost)  
  89  6:52  Disruptor  
  90  7:04  Stalker  
  90  7:05  Stalker x4  
  90  7:07  Stalker  
  102  7:10  Probe (Chrono Boost)  
  102  7:12  Probe (Chrono Boost)  
  102  7:14  Probe (Chrono Boost)  
  88  7:32  Stalker x4, Probe x2 (Chrono Boost)  

Tags
 
Add a new tag
Caveats
  • Supply blocks, unpowered buildings, or Contaminate may cause inaccurate times.
  • Supply counts are checked every 10 seconds.